 Dungeon Crawl Stone Soup version 0.26-a0-29-gb080af9 (webtiles) character file.

Game seed: 14227317444070776097, levelgen mode: deterministic

12807 vertexvortex the Thaumaturge (level 11, -13/97 HPs)
             Began as a Green Draconian Ice Elementalist on May 27, 2020.
             Was an Elder of Vehumet.
             Mangled by an orc warrior
             ... wielding a +0 mace
              (21 damage)
             ... on level 2 of the Orcish Mines on May 28, 2020.
             The game lasted 01:49:57 (14361 turns).

vertexvortex the Thaumaturge (DrIE)                Turns: 14361, Time: 01:49:57

Health: -13/97     AC: 11    Str: 12    XL:     11   Next: 67%
Magic:  5/34       EV: 12    Int: 18    God:    Vehumet [****..]
Gold:   565        SH:  0    Dex: 11    Spells: 3/31 levels left

rFire    . . .     SeeInvis .   s - staff of air
rCold    + . .     Gourm    .   (no shield)
rNeg     . . .     Faith    .   (armour unavailable)
rPois    +         Spirit   .   (helmet restricted)
rElec    +         Reflect  .   E - +2 cloak
rCorr    .         Harm     .   (no gloves)
MR       .....                  H - +0 pair of boots
Stlth    ++........             (no amulet)
HPRegen  0.26/turn              e - ring of wizardry
MPRegen  0.24/turn              u - ring of magical power

@: no status effects
A: breathe noxious fumes, unfitting armour, cold resistance 1, poison
resistance, cold-blooded, MP-powered wands, AC +7
a: Breathe Noxious Fumes, Renounce Religion


You were on level 2 of the Orcish Mines.
You worshipped Vehumet.
Vehumet was greatly pleased with you.
You were hungry.

You visited 3 branches of the dungeon, and saw 13 of its levels.
You also visited: Bailey.

You collected 1165 gold pieces.
You spent 600 gold pieces at shops.

Inventory:

Hand Weapons
 c - a +2 short sword of protection
 d - a +0 dagger
 h - a +1 dagger of venom
 i - a +3 scythe of electrocution
 k - a +2 flail of holy wrath
 y - a cursed +0 short sword
Missiles
 p - 16 poisoned darts (quivered)
 C - 29 boomerangs
Armour
 a - a +1 kite shield of protection
 E - a +2 cloak (worn)
 H - a +0 pair of boots (worn)
Magical Staves
 n - an uncursed staff of summoning
 s - an uncursed staff of air (weapon)
Jewellery
 e - a ring of wizardry (left hand)
 u - a ring of magical power (right hand)
 K - an uncursed ring of protection from cold
 P - an uncursed ring of protection from cold
 Q - an uncursed ring of poison resistance {unknown}
Wands
 m - a wand of polymorph (5)
 o - a wand of paralysis (9)
 q - a wand of disintegration (14)
 I - a wand of random effects (11)
Scrolls
 f - a scroll of amnesia
 g - 10 scrolls of identify
 j - 2 scrolls of remove curse
 l - 2 scrolls of teleportation
 v - a scroll of silence
 w - a scroll of fog
 x - 2 scrolls of enchant armour
 F - 3 scrolls of magic mapping
 N - a scroll of enchant weapon
Potions
 r - 2 potions of cancellation
 t - 3 potions of flight
 z - 2 potions of lignification
 A - a potion of berserk rage
 D - 2 potions of brilliance
Comestibles
 b - 11 rations
 B - 2 chunks of flesh


   Skills:
 - Level 9.5 Fighting
 - Level 0.2 Staves
 - Level 1.7 Dodging
 - Level 1.7 Stealth
 * Level 10.7 Spellcasting
 * Level 9.6 Conjurations
 - Level 1.0 Hexes
 - Level 3.2 Charms
 - Level 2.0 Summonings
 + Level 1.4 Fire Magic
 - Level 5.0 Ice Magic
 - Level 3.0 Air Magic
   Level 3.0 Earth Magic
 + Level 1.0 Evocations


You had 3 spell levels left.
You knew the following spells:

 Your Spells              Type           Power        Failure   Level  Hunger
a - Freeze                Ice            ####         1%          1    None
b - Frozen Ramparts       Ice            ####..       1%          3    None
c - Summon Ice Beast      Ice/Summ       ###.....     7%          4    ##.....
d - Starburst             Conj/Fire      ####......   13%         6    ######.
e - Swiftness             Chrm/Air       ####....     1%          2    None
f - Static Discharge      Conj/Air       #####...     1%          3    None
g - Fireball              Conj/Fire      ####......   2%          5    #####..
h - Fulminant Prism       Conj/Hex       ####......   1%          4    ##.....

Your spell library contained the following spells:

 Spells                   Type           Power        Failure   Level  Hunger
 Corona                   Hex            ##.....      1%          1    None
 Shock                    Conj/Air       ####         1%          1    None
 Summon Small Mammal      Summ           ###.         1%          1    None
 Conjure Flame            Conj/Fire      ####....     1%          3    None
 Mephitic Cloud           Conj/Pois/Air  #####...     1%          3    None
 Ozocubu's Armour         Chrm/Ice       ###.....     1%          3    None
 Poisonous Vapours        Pois/Air       ###...       2%          2    None
 Animate Skeleton         Necr           N/A          3%          1    None
 Apportation              Tloc           #.....       3%          1    None
 Hailstorm                Conj/Ice       #####...     1%          4    ##.....
 Lightning Bolt           Conj/Air       #####.....   1%          5    #####..
 Airstrike                Air            ####......   2%          4    ##.....
 Freezing Cloud           Conj/Ice/Air   #####.....   12%         6    ######.
 Ring of Flames           Chrm/Fire      ###.......   100%        7    #######


Dungeon Overview and Level Annotations

Branches:
Dungeon (10/15)            Temple (1/1) D:5             Orc (2/2) D:9
    Elf (0/3) Orc:2        Bailey (visited)
   Lair: D:8-11

Altars:
Ashenzari
Cheibriados
Dithmenos
Elyvilon
Fedhas
Hepliaklqana
Kikubaaqudgha
Makhleb
Nemelex Xobeh
Okawaru
Qazlal
Ru
Sif Muna
Trog
Uskayaw
Vehumet
Wu Jian
Xom
Yredelemnul
Zin
The Shining One

Shops:
D:5 *:(%!   Orc:1 (

Annotations:
D:4 Grinder


Innate Abilities, Weirdness & Mutations

You can breathe blasts of noxious fumes.
Your lurid green scales are hard. (AC +7)
You cannot fit into any form of body armour.
Your system is resistant to poisons. (rPois)
You are cold-blooded and may be slowed by cold attacks.
Your flesh is cold resistant. (rC+)
You expend magic power (3 MP) to strengthen your wands.


Message History

Casting: Summon Ice Beast (dangerous; 7% risk of failure)
Confirm with . or Enter, or press ? or * to list all spells.
A chill wind blows around you.
The orc knight completely misses your ice beast.
The orc warrior hits your ice beast with a +0 mace!!
Your ice beast dies!
Your ice beast closely misses the orc knight.
The orc warrior closely misses your ice beast.
Found a staircase to the Elven Halls.
Your ice beast hits the orc knight but does no damage.
The orc knight hits you with a +0 dire flail!!
Your ice beast completely misses the orc knight.
Your ice beast hits the orc knight but does no damage.
The orc warrior hits you with a +0 mace!!
* * * LOW HITPOINT WARNING * * *
Your ice beast hits the orc knight but does no damage.
The orc knight hits your ice beast with a +0 dire flail!!
Your ice beast barely misses the orc knight.
The orc warrior hits you with a +0 mace!!
You die...

...(..##.......#
..(.(.#..(.....#
#.#.((.......###
###))..).#.#
#.)()#####
###...)[###
#.....[<[.##
##.....)....##
#......@o....#
#.........Yo..#
#.....###..Y.###
...... ###....#
.....# #....##.#
#... #...#.# #
#.. ....####
..... #..>.#


You could see an orc knight, an orc warrior (strong) and 2 friendly ice beasts.

Vanquished Creatures
  2 two-headed ogres
  2 orc sorcerers
  3 orc knights (Bailey)
  Maurice (D:8)
  Maggie (D:7)
  A troll (Orc:1)
  A hippogriff (D:8)
  Sigmund (D:3)
  A spriggan (D:7)
  Grum (D:9)
  2 hungry ghosts (D:10)
  A warg (Orc:1)
  14 orc warriors
  3 ice beasts
  3 sky beasts
  6 ogres
  3 black bears
  2 phantoms
  3 wolves (D:9)
  5 centaurs
  3 big kobolds
  A gnoll sergeant (D:9)
  10 bullfrogs
  A wyvern skeleton (D:8)
  3 scorpions
  3 killer bees (D:9)
  2 howler monkeys
  4 crimson imps
  A jelly (D:5)
  A centaur zombie (D:8)
  A bullfrog zombie (D:7)
  2 bullfrog skeletons
  A gnoll shaman (D:7)
  13 orc priests
  8 hounds
  A centaur skeleton (D:5)
  Ijyb (D:4)
  22 orc wizards
  3 iguanas
  13 worker ants
  A hound zombie (D:8)
  2 worker ant zombies
  11 gnolls
  12 adders
  4 shadow imps
  5 oozes
  An adder skeleton (D:4)
  3 worms
  4 dart slugs
  7 leopard geckos
  63 orcs
  13 bats
  6 giant cockroaches
  3 hobgoblins
  4 jackals
  6 quokkas
  2 ball pythons
  8 frilled lizards
  15 goblins
  22 kobolds
  2 leopard gecko skeletons
  5 rats
  2 fulminant prisms (Orc:1)
351 creatures vanquished.

Vanquished Creatures (collateral kills)
  A troll (D:10)
  A wyvern (D:9)
  3 orc warriors
  A centaur (D:9)
  An orc priest (Orc:1)
  A bullfrog skeleton (D:8)
  A jelly (D:9)
  An iguana (D:4)
  2 gnolls (D:7)
  A leopard gecko (D:9)
  8 orcs
21 creatures vanquished.

Vanquished Creatures (others)
  24 fulminant prisms
24 creatures vanquished.

Grand Total: 396 creatures vanquished

Notes
Turn   | Place    | Note
-------+----------+-------------------------------------------
     0 | D:1      | vertexvortex the Draconian Ice Elementalist began the quest
                  | for the Orb.
     0 | D:1      | Reached XP level 1. HP: 14/14 MP: 3/3
   337 | D:1      | Reached XP level 2. HP: 22/22 MP: 0/5
   348 | D:1      | Reached skill level 1 in Fighting
   468 | D:1      | Reached XP level 3. HP: 22/28 MP: 0/6
   480 | D:1      | Learned a level 3 spell: Frozen Ramparts
  1115 | D:2      | Reached XP level 4. HP: 33/35 MP: 4/7
  1228 | D:2      | Reached skill level 5 in Ice Magic
  1234 | D:2      | Learned a level 4 spell: Summon Ice Beast
  1432 | D:2      | Reached skill level 3 in Spellcasting
  1883 | D:3      | Noticed Sigmund
  1909 | D:3      | Killed Sigmund
  1909 | D:3      | Reached skill level 4 in Spellcasting
  1909 | D:3      | Reached XP level 5. HP: 26/45 MP: 4/11
  1909 | D:3      | Reached XP level 6. HP: 29/51 MP: 4/12
  1971 | D:3      | Found a sacrificial altar of Ru.
  2513 | D:3      | Found an iron altar of Okawaru.
  2609 | D:4      | Reached skill level 5 in Spellcasting
  2609 | D:4      | Reached skill level 1 in Summonings
  2615 | D:4      | Learned a level 4 spell: Hailstorm
  2755 | D:4      | Found a basalt altar of Yredelemnul.
  2970 | D:4      | Your scales start taking on a lurid green colour.
  2970 | D:4      | Reached XP level 7. HP: 57/57 MP: 9/14
  2970 | D:4      | Gained mutation: Your system is resistant to poisons.
                  | (rPois) [Green Draconian growth]
  3485 | D:4      | Noticed Ijyb
  3496 | D:4      | Killed Ijyb
  3600 | D:4      | Found a stormy altar of Qazlal.
  3613 | D:4      | Found an ornate altar of the Wu Jian Council.
  3671 | D:4      | Found a snail-covered altar of Cheibriados.
  3726 | D:4      | Found a bloodstained altar of Trog.
  3740 | D:4      | Noticed Grinder
  3998 | D:4      | Reached skill level 1 in Conjurations
  4148 | D:5      | Entered Level 5 of the Dungeon
  4148 | D:5      | Found Usaeh's Weapon Shop.
  4459 | D:5      | Found Beore's Food Shop.
  4538 | D:5      | Reached skill level 6 in Spellcasting
  4622 | D:5      | Found Tirizeag's Distillery.
  4655 | D:5      | Bought a potion of heal wounds for 55 gold pieces
  4936 | D:5      | Found Ubiom's Assorted Antiques.
  4943 | D:5      | Bought a scroll labeled XEFUAZ XUNUAD for 25 gold pieces
  4943 | D:5      | Bought a scroll labeled SAODEA CAERPH for 25 gold pieces
  5079 | D:5      | Found Ruazelur's Book Boutique.
  5262 | D:5      | Found a staircase to the Ecumenical Temple.
  5268 | Temple   | Entered the Ecumenical Temple
  5334 | Temple   | Became a worshipper of Vehumet
  5476 | D:6      | Reached XP level 8. HP: 67/67 MP: 17/17
  5722 | D:6      | Reached skill level 7 in Spellcasting
  5784 | D:6      | Found a burning altar of Makhleb.
  6174 | D:6      | Found a glowing golden altar of the Shining One.
  6464 | D:7      | Noticed Maggie
  6482 | D:7      | Killed Maggie
  6482 | D:7      | Reached skill level 5 in Fighting
  6482 | D:7      | Reached skill level 8 in Spellcasting
  6520 | D:7      | Found a bloodstained altar of Trog.
  7044 | D:7      | Reached XP level 9. HP: 59/74 MP: 21/21
  7100 | D:7      | Reached * piety under Vehumet
  7100 | D:7      | Offered knowledge of Sandblast by Vehumet.
  7104 | D:7      | Reached skill level 9 in Spellcasting
  7310 | D:7      | Learned a level 2 spell: Swiftness
  7314 | D:7      | Learned a level 3 spell: Static Discharge
  7577 | D:8      | Reached skill level 1 in Charms
  7577 | D:8      | Reached skill level 1 in Air Magic
  7661 | D:8      | Offered knowledge of Searing Ray by Vehumet.
  7670 | D:8      | Reached ** piety under Vehumet
  7946 | D:8      | Reached skill level 5 in Conjurations
  8512 | D:8      | Reached XP level 10. HP: 84/84 MP: 23/23
  8526 | D:8      | Noticed Maurice
  8580 | D:8      | Killed Maurice
  8838 | D:8      | Offered knowledge of Stone Arrow by Vehumet.
  8850 | D:8      | Learned a level 3 spell: Stone Arrow
  9213 | D:9      | Noticed a two-headed ogre
  9243 | D:9      | Killed a two-headed ogre
  9283 | D:9      | Reached *** piety under Vehumet
  9359 | D:9      | Reached skill level 1 in Earth Magic
  9445 | D:9      | Found a sacrificial altar of Ru.
  9508 | D:9      | Noticed Grum
  9518 | D:9      | Killed Grum
  9553 | D:9      | Offered knowledge of Fulminant Prism by Vehumet.
  9559 | D:9      | Learned a level 4 spell: Fulminant Prism
  9635 | D:9      | Found a staircase to the Orcish Mines.
  9966 | D:10     | Entered Level 10 of the Dungeon
 10059 | D:10     | Gained mutation: You expend magic power (3 MP) to
                  | strengthen your wands. [potion of mutation]
 10059 | D:10     | Gained mutation: Your flesh is cold resistant. (rC+)
                  | [potion of mutation]
 10396 | D:10     | Reached **** piety under Vehumet
 11232 | Orc:1    | Entered Level 1 of the Orcish Mines
 11250 | Orc:1    | Reached XP level 11. HP: 85/97 MP: 21/24
 11260 | Orc:1    | Reached skill level 1 in Hexes
 11313 | Orc:1    | Offered knowledge of Fireball by Vehumet.
 11332 | Orc:1    | Learned a level 5 spell: Fireball
 11444 | Orc:1    | Found Kaelyul's Antique Weapon Emporium.
 11486 | Orc:1    | Found a flagged portal.
 11502 | Orc:1    | Noticed an orc sorcerer
 11504 | Orc:1    | Paralysed by an orc sorcerer for 3 turns
 11506 | Orc:1    | Noticed a sixfirhy
 11511 | Orc:1    | Killed an orc sorcerer
 11521 | Bailey   | Entered a bailey
 11639 | Bailey   | Upgraded the game from 0.26-a0-28-gc929df5 to
                  | 0.26-a0-29-gb080af9
 11766 | Bailey   | Noticed an orc knight
 11847 | Bailey   | Noticed an orc knight
 11852 | Bailey   | Killed an orc knight
 11867 | Bailey   | Killed an orc knight
 11869 | Bailey   | Noticed an orc knight
 12145 | Bailey   | Identified the amulet of Zudes {Reflect *Corrode Str+5
                  | Int+2 SH+5}
 12148 | Bailey   | Killed an orc knight
 12148 | Bailey   | Reached skill level 1 in Evocations
 12249 | Orc:1    | Reached ***** piety under Vehumet
 12249 | Orc:1    | Offered knowledge of Starburst by Vehumet.
 12258 | Orc:1    | Learned a level 6 spell: Starburst
 12680 | Orc:2    | Entered Level 2 of the Orcish Mines
 12806 | D:5      | Bought a book of Clouds for 495 gold pieces
 12973 | Orc:2    | Noticed an orc high priest
 12982 | Orc:2    | Noticed an orc sorcerer
 12987 | Orc:2    | Reached skill level 10 in Spellcasting
 13147 | Orc:2    | Noticed a two-headed ogre
 13184 | Orc:1    | Killed a two-headed ogre
 13184 | Orc:1    | Reached skill level 1 in Fire Magic
 13561 | Orc:2    | Noticed a soul eater
 13607 | Orc:2    | Killed an orc sorcerer
 13971 | Orc:2    | HP: 2/97 [orc priest/divine providence (12)]
 14343 | Orc:2    | Noticed an orc knight
 14358 | Orc:2    | Found a staircase to the Elven Halls.
 14361 | Orc:2    | Mangled by an orc warrior

Illustrated notes

Levels and vault maps discovered:
D:1:      heliophobic_arrival_dark_side_of_the_moon, layout_rooms, minivault_5,
          minivault_24
D:2:      layout_basic, minmay_split_cup_small
D:3:      layout_loops_ring, nicolae_overflow_crystal_walls, okawaru_trees_1,
          uniq_sigmund
D:4:      kennysheep_goblin_castle, layout_loops_ring,
          nicolae_overflow_quartered_altars, lemuel_crystal_altar, first_ration,
          serial_rivers, chequers_serial_rivers_large_a,
          chequers_serial_rivers_small_3, chequers_serial_rivers_room_a,
          chequers_serial_rivers_micro_b, minivault_1,
          hangedman_abyss_or_decor_stabs, uniq_grinder
D:5:      layout_loops_cross, kennysheep_mini_moat,
          minmay_temple_entry_enclosed_plants, serial_shops,
          nicolae_shop_behind_doors, nicolae_shop_stone, shop_fountains,
          shop_fountains, shop
D:6:      layout_gridville, tso_altar, bloody_makhleb
D:7:      layout_rooms, basic_altar, the_bakery, uniq_maggie
D:8:      layout_basic, solitary_fountain, roderic_batcave,
          minmay_joined_circles, uniq_maurice
D:9:      layout_rooms, orc_0_dummy, nicolae_ru_awakened_eye, uniq_grum
D:10:     layout_basic
Temple:   eino_temple_water
Orc:1:    layout_diamond_mine, enter_bailey_6, serial_shops, nicolae_shop_stone
Orc:2:    st_orc_pillars, layout_diamond_mine, nicolae_orc_tapped_out

Skill      XL: |  1  2  3  4  5  6  7  8  9 10 11 |
---------------+----------------------------------+-----
Fighting       | 1 3 4 5 6 9 |  9.5
Ice Magic      | 5 |  5.0
Spellcasting   | 4 5 6 8 9 10 | 10.7
Summonings     | 1 2 |  2.0
Conjurations   | 2 3 5 7 9 |  9.6
Charms         | 2 3 |  3.2
Air Magic      | 3 |  3.0
Earth Magic    | 3 |  3.0
Hexes          | 1 |  1.0
Evocations     | 1 |  1.0
Fire Magic     | 1 |  1.4
Staves         | |  0.2
Dodging        | |  1.7
Stealth        | |  1.7

Action                   |  1- 3 |  4- 6 |  7- 9 | 10-12 || total
-------------------------+-------+-------+-------+-------++-------
Melee: Unarmed           |    15 |       |       |       ||    15
       Dagger            |    12 |       |       |       ||    12
       Tailslap          |     3 |     6 |    18 |     9 ||    36
       Short sword       |     3 |    47 |     1 |       ||    51
       Scythe            |       |    17 |   164 |    34 ||   215
       Staff             |       |       |    12 |    60 ||    72
Throw: Dart              |       |       |    32 |   127 ||   159
       Boomerang         |       |       |       |    53 ||    53
 Cast: Freeze            |    36 |    39 |   103 |    37 ||   215
       Frozen Ramparts   |     2 |     7 |    18 |    22 ||    49
       Summon Ice Beast  |       |     1 |     5 |    28 ||    34
       Hailstorm         |       |       |     2 |     6 ||     8
       Static Discharge  |       |       |     5 |    25 ||    30
       Stone Arrow       |       |       |       |    33 ||    33
       Fulminant Prism   |       |       |       |    26 ||    26
       Swiftness         |       |       |       |     2 ||     2
       Fireball          |       |       |       |    17 ||    17
       Starburst         |       |       |       |     2 ||     2
 Abil: Breathe Noxious F |       |       |     4 |    19 ||    23
Evoke: Wand              |       |       |     1 |     5 ||     6
  Use: Scroll            |     2 |     1 |     7 |     6 ||    16
       Potion            |       |     2 |     6 |     9 ||    17
 Stab: Sleeping          |     1 |     1 |     3 |     1 ||     6
       Confused          |       |       |       |     1 ||     1
  Eat: Chunk             |     1 |     7 |     9 |    15 ||    32
       Ration            |       |       |     3 |     5 ||     8
Armor: Skin              |    17 |    33 |   116 |    91 ||   257
Dodge: Dodged            |    35 |    48 |   209 |   177 ||   469

Table legend:
 A = Non-vault XP
 B = Vault XP
 C = Vault XP percentage of total XP
 D = Non-vault monster count
 E = Vault monster count
 F = Vault count percentage of total count
                 A         B        C        D         E       F
            +---------+---------+-------+---------+---------+-------
      Total |   12729 |    5567 |  30.4 |     293 |      77 |  20.8
            +---------+---------+-------+---------+---------+-------
        D:1 |      53 |       0 |   0.0 |      18 |       0 |   0.0
        D:2 |     101 |      12 |  10.6 |      25 |       3 |  10.7
        D:3 |     179 |     212 |  54.2 |      26 |       1 |   3.7
        D:4 |     389 |     104 |  21.1 |      16 |      12 |  42.9
        D:5 |     276 |       0 |   0.0 |      12 |       0 |   0.0
        D:6 |     706 |       0 |   0.0 |      14 |       0 |   0.0
        D:7 |    1271 |     580 |  31.3 |      36 |       2 |   5.3
        D:8 |    1643 |    1270 |  43.6 |      32 |      22 |  40.7
        D:9 |    2249 |     546 |  19.5 |      28 |       4 |  12.5
       D:10 |    1351 |       0 |   0.0 |      29 |       0 |   0.0
      Orc:1 |    3416 |     145 |   4.1 |      38 |       2 |   5.0
      Orc:2 |    1095 |     487 |  30.8 |      19 |      11 |  36.7
     Bailey |       0 |    2211 | 100.0 |       0 |      20 | 100.0
            +---------+---------+-------+---------+---------+-------
